[Event "Titled Tuesday Blitz May 24 Early 2022"]
[White "Reprintsev, Alexander"]
[Black "Gallego Alcaraz, Andres Felipe"]
[WhiteFideId "14100541"]
[BlackFideId "4402669"]
[WhiteElo "2108"]
[BlackElo "2340"]
[Result "0-1"]
[Round "10"]
[TimeControl "180+1"]
[Date "2022.05.25"]
[WhiteClock "0:00:02"]
[BlackClock "0:01:36"]

1. e4 c5 2. b3 Nc6 3. Bb2 Nf6 4. e5 Nd5 5. Nf3 e6 6. g3 Be7 7. c4 Nc7 8. d4 cxd4 9. Nxd4 Nxe5 10. Nxe6 fxe6 11. Bxe5 Bf6 12. Bc3 O-O 13. Bg2 d5 14. O-O b5 15. Qe2 bxc4 16. bxc4 Ba6 17. Bxf6 Qxf6 18. Nd2 Rad8 19. Rac1 dxc4 20. Nxc4 Nd5 21. Rfe1 Nb6 22. Qxe6+ Qxe6 23. Rxe6 Bxc4 24. Rxb6 axb6 25. Rxc4 Rd2 26. f4 Re8 27. Rc1 Ree2 28. Bf3 Rxh2 29. Rb1 Rb2 30. Re1 Kf8 31. Bd5 Rhd2 32. Be4 Re2 33. Rxe2 Rxe2 34. Bd5 Rd2 35. Bb3 h6 36. Kf1 Ke7 37. Ke1 Rb2 38. Kf1 Kf6 39. g4 Ke7 40. Kg1 Kd6 41. g5 hxg5 42. fxg5 Ke5 43. g6 Kf4 44. Bf7 Kg5 45. Kf1 Kf6 46. Ke1 Ke5 47. Kd1 Kd4 48. Kc1 Rh2 0-1


[Site "https://www.chess.com"]

[Event "Titled Tuesday Blitz May 24 Early 2022"]
[White "Rom, Jasper"]
[Black "Przybylski, Wojciech"]
[WhiteFideId "2023733"]
[BlackFideId "1117599"]
[WhiteElo "2233"]
[BlackElo "2133"]
[Result "1-0"]
[Round "10"]
[TimeControl "180+1"]
[Date "2022.05.25"]
[WhiteClock "0:00:06"]
[BlackClock "0:00:01"]

1. e4 c5 2. Nc3 e6 3. f4 Nc6 4. Nf3 d5 5. Bb5 dxe4 6. Bxc6+ bxc6 7. Nxe4 Nf6 8. Qe2 Qd5 9. d3 Ba6 10. c4 Qd8 11. Be3 Qb6 12. O-O Be7 13. Ne5 O-O 14. b3 Rad8 15. Rad1 Nxe4 16. dxe4 Bc8 17. Qf2 f5 18. exf5 exf5 19. Nd3 Rfe8 20. Bxc5 Bxc5 21. Nxc5 h6 22. Na4 Qc7 23. Nc5 Kh7 24. g3 Qa5 25. Nd3 Qc3 26. Ne5 c5 27. Rc1 Qa5 28. Qc2 Qc7 29. Rcd1 Be6 30. Rd2 Rd4 31. Rxd4 cxd4 32. Rd1 Rd8 33. b4 Qb6 34. a3 d3+ 35. Qf2 Qa6 36. c5 Qxa3 37. b5 Qb3 38. Rd2 Qxb5 39. c6 Qb4 40. Kg2 1-0


[Site "https://www.chess.com"]

[Event "Titled Tuesday Blitz May 24 Early 2022"]
[White "Roman, Rodrigo"]
[Black "Muhammed, Shuaau"]
[WhiteFideId "3701220"]
[BlackFideId "16700406"]
[WhiteElo "2001"]
[BlackElo "1674"]
[Result "1-0"]
[Round "10"]
[TimeControl "180+1"]
[Date "2022.05.25"]
[WhiteClock "0:01:56"]
[BlackClock "0:01:08"]

1. Nf3 e6 2. d4 Nf6 3. c4 d5 4. Nc3 Be7 5. Bg5 Nbd7 6. e3 O-O 7. Qc2 h6 8. Bh4 a6 9. Rd1 dxc4 10. Bxc4 b5 11. Bd3 Bb7 12. a3 c5 13. dxc5 Bxc5 14. b4 Be7 15. e4 Rc8 16. Qb2 Qc7 17. Ne2 Bd6 18. Bxf6 gxf6 19. O-O Ne5 20. Nxe5 Bxe5 21. Qd2 Bxh2+ 22. Kh1 Be5 23. Qxh6 Rfd8 24. f4 Bb2 25. Rf3 Rxd3 26. Rfxd3 Bxe4 27. Rh3 Bh7 28. Qxh7+ Kf8 29. Rhd3 Qc6 30. Rd7 1-0


[Site "https://www.chess.com"]

[Event "Titled Tuesday Blitz May 24 Early 2022"]
[White "Ronka, Erik"]
[Black "Rios Escobar, Adan"]
[WhiteFideId "505080"]
[BlackFideId "3403645"]
[WhiteElo "2264"]
[BlackElo "2425"]
[Result "0-1"]
[Round "10"]
[TimeControl "180+1"]
[Date "2022.05.25"]
[WhiteClock "0:00:12"]
[BlackClock "0:00:05"]

1. d4 Nf6 2. Nc3 d5 3. Bf4 e6 4. Nb5 Na6 5. a3 c6 6. Nc3 Be7 7. e3 b6 8. Bd3 O-O 9. Nf3 c5 10. Ne5 Bb7 11. g4 Nd7 12. Qf3 c4 13. Bxc4 f6 14. Nxd7 Qxd7 15. Bb5 Qc8 16. Qg3 Kh8 17. Bd6 Rf7 18. O-O Bxd6 19. Qxd6 e5 20. h3 h5 21. f3 Nc7 22. Bd3 Ne8 23. Qb4 Re7 24. Bf5 Qc7 25. Kg2 h4 26. f4 Rd8 27. Qb5 Bc6 28. Qd3 Nd6 29. Bg6 Nc4 30. Rae1 e4 31. Qe2 Be8 32. Bxe8 Rexe8 33. Nd1 Kg8 34. Qf2 g5 35. fxg5 fxg5 36. Kh1 Rf8 37. Qg2 Rxf1+ 38. Rxf1 Rf8 39. b3 Nxa3 40. Rxf8+ Kxf8 41. Qf1+ Qf7 42. Qe1 Nxc2 43. Qc3 Qf3+ 44. Kh2 Qe2+ 45. Kg1 Qxd1+ 46. Kg2 Qe2+ 47. Kg1 Qxe3+ 48. Qxe3 Nxe3 49. Kf2 Nc2 50. Ke2 Nxd4+ 51. Kd2 Nxb3+ 52. Ke3 Nc5 0-1


[Site "https://www.chess.com"]

[Event "Titled Tuesday Blitz May 24 Early 2022"]
[White "Rustemov, Alexander"]
[Black "Vignesh, N R"]
[WhiteFideId "4119002"]
[BlackFideId "25012215"]
[WhiteElo "2809"]
[BlackElo "2363"]
[Result "1/2-1/2"]
[Round "10"]
[TimeControl "180+1"]
[Date "2022.05.24"]
[WhiteClock "0:00:05"]
[BlackClock "0:00:19"]

1. d4 Nf6 2. c4 g6 3. Nf3 Bg7 4. g3 O-O 5. Bg2 c5 6. Nc3 d6 7. O-O Nc6 8. dxc5 dxc5 9. Bf4 Be6 10. Ne5 Nxe5 11. Bxe5 Qxd1 12. Rfxd1 Bxc4 13. Bxb7 Rad8 14. b3 Be6 15. Rac1 Rxd1+ 16. Rxd1 Nd7 17. Bxg7 Kxg7 18. Bd5 Bh3 19. f3 h5 20. Kf2 Nb6 21. Be4 Be6 22. Nb5 a5 23. Nc7 Rc8 24. Nxe6+ fxe6 25. f4 Kf6 26. Rc1 g5 27. fxg5+ Kxg5 28. h4+ Kf6 29. Bf3 Kg6 30. g4 hxg4 31. Bxg4 Kf6 32. h5 Nd7 33. Bf3 Ne5 34. Ke3 c4 35. bxc4 Nxc4+ 36. Kf2 Nd6 37. Rg1 Rh8 38. Rg6+ Ke5 39. Rg5+ Kf4 40. Rxa5 e5 41. e3+ Kf5 42. a4 Ne4+ 43. Ke2 Ng3+ 44. Kd3 Nxh5 45. Bxh5 Rxh5 46. Rb5 Rh2 47. a5 Ra2 48. Kc4 Ke4 49. Kb3 Ra1 50. Kb2 Ra4 51. Kb3 Ra1 52. Rb4+ Kxe3 53. Ra4 Rb1+ 54. Kc4 Rb8 55. Kd5 Kd3 56. Kxe5 Kc3 57. a6 Kb3 58. a7 Ra8 59. Ra1 Kb4 60. Kd5 Kb5 61. Rb1+ Ka6 62. Kc6 Rc8+ 63. Kd7 Ra8 64. Ra1+ Kb6 65. Rb1+ Kc5 66. Rb7 e5 67. Ke6 e4 68. Re7 e3 69. Kf5 e2 70. Rxe2 Rxa7 71. Re5+ Kd6 72. Re6+ Kc7 73. Re7+ 1/2-1/2


[Site "https://www.chess.com"]

[Event "Titled Tuesday Blitz May 24 Early 2022"]
[White "Sailer, Mike"]
[Black "Quirke, Jeffrey"]
[WhiteFideId "2012901"]
[BlackFideId "2013029"]
[WhiteElo "2109"]
[BlackElo "2231"]
[Result "0-1"]
[Round "10"]
[TimeControl "180+1"]
[Date "2022.05.25"]
[WhiteClock "0:00:16"]
[BlackClock "0:00:27"]

1. d4 d5 2. Nf3 e6 3. Bf4 Bd6 4. Bg3 Nf6 5. e3 c5 6. Nc3 O-O 7. Be2 cxd4 8. exd4 a6 9. Ne5 Qc7 10. Bd3 Nbd7 11. f4 b5 12. Ne2 Bb7 13. O-O Ne4 14. Bxe4 dxe4 15. Nxd7 Qxd7 16. f5 exf5 17. Bxd6 Qxd6 18. Rxf5 Rad8 19. Qf1 e3 20. c3 Be4 21. Re5 Rfe8 22. Rxe8+ Rxe8 23. Ng3 Bd5 24. b3 g6 25. Qd3 Qe6 26. Re1 f5 27. Ne2 g5 28. Ng3 f4 29. Nf1 Qg4 30. Qe2 f3 31. Nxe3 Rxe3 32. Qxe3 Qxg2# 0-1


[Site "https://www.chess.com"]

[Event "Titled Tuesday Blitz May 24 Early 2022"]
[White "Samadov, Read"]
[Black "Prokofiev, Valentyn"]
[WhiteFideId "13417444"]
[BlackFideId "14160161"]
[WhiteElo "2084"]
[BlackElo "2174"]
[Result "1-0"]
[Round "10"]
[TimeControl "180+1"]
[Date "2022.05.24"]
[WhiteClock "0:02:04"]
[BlackClock "0:01:45"]

1. d4 Nf6 2. c4 c5 3. d5 g6 4. Nc3 Bg7 5. e4 d6 6. f4 O-O 7. Nf3 e6 8. Be2 Re8 9. e5 Ng4 10. h3 Nh6 11. O-O Nf5 12. Ne4 dxe5 13. fxe5 exd5 14. cxd5 Nd4 15. Nxd4 cxd4 16. Nd6 Rf8 17. Nxc8 Qxc8 18. Qxd4 Re8 19. Qf2 Qd7 20. e6 fxe6 21. Bg4 Qd8 22. Bxe6+ Rxe6 23. Qf7+ Kh8 24. dxe6 Nc6 25. Be3 Qd3 26. Rae1 Rf8 27. Qxf8+ Bxf8 28. Rxf8+ Kg7 29. Rf7+ Kg8 30. Bh6 1-0


[Site "https://www.chess.com"]

[Event "Titled Tuesday Blitz May 24 Early 2022"]
[White "Samaganova, Aleksandra"]
[Black "Miszler, Levente"]
[WhiteFideId "13800221"]
[BlackFideId "763276"]
[WhiteElo "1889"]
[BlackElo "1966"]
[Result "1-0"]
[Round "10"]
[TimeControl "180+1"]
[Date "2022.05.25"]
[WhiteClock "0:00:10"]
[BlackClock "0:00:03"]

1. c4 e5 2. Nc3 Nc6 3. Nf3 g6 4. e3 Bg7 5. d4 d6 6. d5 Nce7 7. h3 f5 8. Be2 Nf6 9. Rb1 O-O 10. b4 a5 11. a3 axb4 12. axb4 c6 13. dxc6 bxc6 14. O-O Bb7 15. Qb3 Kh8 16. Rd1 Qc7 17. Ng5 Qd7 18. c5 d5 19. b5 h6 20. Nf3 Ne4 21. bxc6 Bxc6 22. Nb5 Rfb8 23. Nd2 Nxc5 24. Qb4 Na6 25. Qa5 Nc5 26. Qb4 Ne6 27. Ba3 Bf8 28. Qd6 Qxd6 29. Bxd6 Rb7 30. Bxe5+ Kg8 31. Nd6 Rxb1 32. Nxb1 Ra2 33. Nc3 Rc2 34. Bd3 Rb2 35. Rc1 Rb3 36. Bc2 Ra3 37. Ncb5 Ra5 38. Nd4 Ba4 39. Nxe6 Bxc2 40. Rxc2 Ra1+ 41. Kh2 Ra6 42. Nxf8 Kxf8 43. Nc8 Ra8 44. Nxe7 Kxe7 45. Bf4 Ke6 46. Bxh6 Ra6 47. Bf4 Kf7 48. Rc7+ Kf6 49. Rc8 g5 50. Bg3 Ra4 51. Rc6+ Kf7 52. Rc7+ Kg6 53. Rc5 d4 54. exd4 Rxd4 55. Rc6+ Kh5 56. h4 gxh4 57. Be5 Re4 58. f4 Re2 59. Rf6 Kg4 60. Rg6+ Kh5 61. Rg5+ Kh6 62. Rxf5 Rd2 63. Rf8 Re2 64. Rh8+ Kg6 65. Rxh4 Kf5 66. Rh3 Kg4 67. Rh8 Kf5 68. Rf8+ Kg4 69. Rg8+ Kh4 70. Rh8+ Kg4 71. Rb8 Kh4 72. Rb3 Kg4 73. Rg3+ Kh4 74. Bf6+ Kh5 75. Bg5 Re1 76. Rf3 Kg4 77. Bd8 Kh5 78. f5 Re8 79. Bc7 Kg4 80. Bg3 Rh8+ 81. Kg1 Ra8 82. f6 Kg5 83. f7 Kg6 84. f8=Q 1-0


[Site "https://www.chess.com"]

[Event "Titled Tuesday Blitz May 24 Early 2022"]
[White "Samunenkov, Ihor"]
[Black "Andreikin, Dmitry"]
[WhiteFideId "14187086"]
[BlackFideId "4158814"]
[WhiteElo "2409"]
[BlackElo "2736"]
[Result "0-1"]
[Round "10"]
[TimeControl "180+1"]
[Date "2022.05.24"]
[WhiteClock "0:00:19"]
[BlackClock "0:01:47"]

1. d4 Nf6 2. c4 e6 3. Nc3 Bb4 4. e3 O-O 5. Bd2 c6 6. Nf3 d5 7. a3 Bd6 8. Qc2 Nbd7 9. Bd3 dxc4 10. Bxc4 e5 11. dxe5 Nxe5 12. Nxe5 Bxe5 13. f4 Bxf4 14. exf4 Re8+ 15. Kf1 Bf5 16. Qxf5 Qxd2 17. Rd1 Qxb2 18. Ne2 g6 19. Qb1 Qxb1 20. Rxb1 b5 21. Ba2 Rad8 22. Re1 Rd2 23. Nc3 Rxe1+ 24. Kxe1 Rc2 0-1


[Site "https://www.chess.com"]

[Event "Titled Tuesday Blitz May 24 Early 2022"]
[White "Sanchez, Robert"]
[Black "Dobre, Claudiu-Cristian"]
[WhiteFideId "2034360"]
[BlackFideId "1211854"]
[WhiteElo "2278"]
[BlackElo "2207"]
[Result "0-1"]
[Round "10"]
[TimeControl "180+1"]
[Date "2022.05.25"]
[WhiteClock "0:01:08"]
[BlackClock "0:01:04"]

1. e4 Nc6 2. Nf3 d6 3. Nc3 Nf6 4. d4 Bg4 5. Bb5 a6 6. Bxc6+ bxc6 7. h3 Bxf3 8. Qxf3 Nd7 9. O-O g6 10. Be3 Bg7 11. Qe2 e5 12. Qd2 O-O 13. f4 exd4 14. Bxd4 Bxd4+ 15. Qxd4 Qb8 16. b3 Qb6 17. Rad1 Rfe8 18. Kh2 Qxd4 19. Rxd4 Nc5 20. Rc4 a5 21. a4 f6 22. g4 Ra6 23. h4 Rb6 24. g5 fxg5 25. hxg5 Rb4 26. f5 Rxc4 27. bxc4 Nxe4 28. f6 Nxg5 29. Kg3 Kf7 30. Kg4 Ne4 31. Ne2 Nxf6+ 32. Kg5 Re5+ 33. Kh6 Rh5# 0-1


[Site "https://www.chess.com"]

[Event "Titled Tuesday Blitz May 24 Early 2022"]
[White "Sankalan Shah"]
[Black "Provaznik, Michal"]
[WhiteFideId "25600362"]
[BlackFideId "315273"]
[WhiteElo "1648"]
[BlackElo "2176"]
[Result "1-0"]
[Round "10"]
[TimeControl "180+1"]
[Date "2022.05.25"]
[WhiteClock "0:02:00"]
[BlackClock "0:01:56"]

1. d4 f5 2. c4 Nf6 3. g3 e6 4. Bg2 Be7 5. Nf3 O-O 6. O-O Qe8 7. Nc3 Qh5 8. Re1 Nc6 9. e4 fxe4 10. Nxe4 Nxe4 11. Rxe4 d6 12. Bf4 e5 13. dxe5 Bg4 14. h3 Be6 15. exd6 Bxd6 16. Bxd6 cxd6 17. Rxe6 1-0


[Site "https://www.chess.com"]

[Event "Titled Tuesday Blitz May 24 Early 2022"]
[White "Schekachikhin, Maksim"]
[Black "Bryakin, Mikhail"]
[WhiteFideId "24177830"]
[BlackFideId "4165314"]
[WhiteElo "2239"]
[BlackElo "2417"]
[Result "1-0"]
[Round "10"]
[TimeControl "180+1"]
[Date "2022.05.25"]
[WhiteClock "0:01:14"]
[BlackClock "0:00:09"]

1. b3 g6 2. Bb2 Nf6 3. g3 Bg7 4. Bg2 O-O 5. Nf3 b6 6. c4 Bb7 7. O-O a5 8. Nc3 e6 9. d4 d6 10. Qc2 Nbd7 11. e4 e5 12. d5 h6 13. a3 Nh7 14. b4 Ng5 15. Ne1 f5 16. exf5 gxf5 17. f4 exf4 18. gxf4 Nh7 19. Nd3 Nhf6 20. Nb5 Ng4 21. Rae1 axb4 22. Bxg7 Kxg7 23. axb4 Rf7 24. Nd4 Kh7 25. h3 Qf6 26. Nxf5 Rg8 27. hxg4 Rxg4 28. Nf2 Rg6 29. Re6 Qxf5 30. Qxf5 Rxf5 31. Rxg6 Kxg6 32. Be4 Nf6 33. Bd3 b5 34. cxb5 Bxd5 35. Rc1 Ne8 36. Ng4 Be6 37. Ne3 Kf6 38. Bxf5 Bxf5 39. Nd5+ Kf7 40. Nxc7 Nf6 41. b6 Be4 42. Kf2 Ke7 43. Na6 Nd7 44. Re1 d5 45. b7 1-0


[Site "https://www.chess.com"]

[Event "Titled Tuesday Blitz May 24 Early 2022"]
[White "Shevtchenko, Olesya"]
[Black "Lutz, Igor Oscar"]
[WhiteFideId "24131890"]
[BlackFideId "2110806"]
[WhiteElo "2003"]
[BlackElo "1729"]
[Result "1/2-1/2"]
[Round "10"]
[TimeControl "180+1"]
[Date "2022.05.25"]
[WhiteClock "0:00:14"]
[BlackClock "0:00:14"]

1. c4 c6 2. Nf3 d5 3. e3 Nf6 4. Nc3 e6 5. b3 Nbd7 6. Bb2 Be7 7. Qc2 O-O 8. Be2 b6 9. d4 Bb7 10. O-O Rc8 11. Rac1 c5 12. Rfd1 Qc7 13. cxd5 Nxd5 14. e4 Nxc3 15. Bxc3 cxd4 16. Nxd4 Qf4 17. f3 Nc5 18. Qd2 Qxd2 19. Bxd2 Rfd8 20. Be3 Bf6 21. Nb5 Rxd1+ 22. Rxd1 Bc6 23. Nxa7 Rc7 24. Nxc6 Rxc6 25. Rc1 Bb2 26. Rc2 Ba3 27. Bxc5 Rxc5 28. Rxc5 Bxc5+ 29. Kf1 Kf8 30. Bb5 Ke7 31. Ke2 Kd6 32. Kd3 f5 33. exf5 exf5 34. Kc4 g5 35. b4 Bg1 36. h3 h5 37. a4 g4 38. a5 gxh3 39. gxh3 bxa5 40. bxa5 h4 41. Kd3 Ke5 42. Bc6 Kf4 43. Ke2 Kg3 44. Bd7 Kxh3 45. Bxf5+ Kg3 46. Be6 h3 47. Bxh3 Kxh3 48. f4 Kg4 49. Kd3 Kxf4 50. Kc4 Ba7 51. Kb5 Ke5 52. Ka6 Be3 53. Kb7 Kd6 54. a6 Kd7 55. a7 Bxa7 1/2-1/2


[Site "https://www.chess.com"]

[Event "Titled Tuesday Blitz May 24 Early 2022"]
[White "Shipov, Sergei"]
[Black "Hua, Lefong"]
[WhiteFideId "4113624"]
[BlackFideId "2602253"]
[WhiteElo "2794"]
[BlackElo "2633"]
[Result "1-0"]
[Round "10"]
[TimeControl "180+1"]
[Date "2022.05.24"]
[WhiteClock "0:01:15"]
[BlackClock "0:00:10"]

1. d4 Nf6 2. c4 g6 3. Nc3 Bg7 4. e4 d6 5. Be2 O-O 6. g4 c5 7. g5 Nfd7 8. d5 a6 9. a4 Qc7 10. h4 e6 11. h5 Re8 12. Kf1 exd5 13. exd5 Nf8 14. Bd3 Nbd7 15. f4 f5 16. Qd2 Rb8 17. h6 Bh8 18. Nf3 b6 19. b3 Bb7 20. Bb2 Re7 21. Kf2 Rbe8 22. Rhe1 Qd8 23. Rxe7 Rxe7 24. Re1 Kf7 25. Nb5 axb5 26. Bxh8 Rxe1 27. Qxe1 b4 28. Qa1 Qe7 29. a5 bxa5 30. Qxa5 Ke8 31. Qc7 Ba6 32. Bg7 Kf7 33. Nh4 Ke8 34. Bxf5 Bxc4 35. bxc4 b3 36. Bd3 Kf7 37. Qb7 Kg8 38. Qxb3 Nb6 39. Qxb6 Nd7 40. Qc7 Qe8 41. Qxd6 Ne5 42. Qxe5 Qe7 43. Bf6 1-0


[Site "https://www.chess.com"]

[Event "Titled Tuesday Blitz May 24 Early 2022"]
[White "Shuvalova, Polina"]
[Black "Ezat, Mohamed"]
[WhiteFideId "24171760"]
[BlackFideId "10600906"]
[WhiteElo "2355"]
[BlackElo "2386"]
[Result "0-1"]
[Round "10"]
[TimeControl "180+1"]
[Date "2022.05.25"]
[WhiteClock "0:00:04"]
[BlackClock "0:00:15"]

1. e4 Nf6 2. e5 Nd5 3. d4 d6 4. Nf3 Bg4 5. h3 Bh5 6. Be2 e6 7. O-O Be7 8. Nbd2 O-O 9. exd6 cxd6 10. Ne4 Nc6 11. c3 a6 12. Re1 b5 13. a4 b4 14. c4 Nb6 15. b3 d5 16. Ng3 Bg6 17. a5 Nd7 18. cxd5 exd5 19. Bf1 Bf6 20. Bf4 Re8 21. Rxe8+ Qxe8 22. Bd6 Nf8 23. Rc1 Ne6 24. Ne2 Be4 25. Ne5 Nexd4 26. Nxd4 Nxe5 27. Bxb4 h6 28. Bc3 Ng6 29. Ne2 Bxc3 30. Nxc3 Qe5 31. Qd2 Nf4 32. Rd1 Rc8 33. Nxe4 dxe4 34. g3 Ne6 35. Bxa6 Rd8 36. Qe2 Nd4 37. Qf1 e3 38. fxe3 Qxg3+ 39. Kh1 Qxe3 40. Bc4 Rd7 41. Rd3 Qe4+ 42. Qg2 Qe1+ 43. Kh2 Qe5+ 44. Kh1 Re7 45. Rg3 Nf5 46. Rg4 g6 47. a6 Ne3 48. Qa8+ Kg7 49. a7 Nxg4 50. hxg4 Qg3 51. Qg8+ Kxg8 52. a8=Q+ Kg7 53. Qa1+ Re5 54. Qb1 Re1+ 55. Qxe1 Qxe1+ 0-1


[Site "https://www.chess.com"]

[Event "Titled Tuesday Blitz May 24 Early 2022"]
[White "Skliarov, Viktor"]
[Black "Petre, Nad-Titus"]
[WhiteFideId "14106736"]
[BlackFideId "1204165"]
[WhiteElo "2229"]
[BlackElo "2354"]
[Result "1-0"]
[Round "10"]
[TimeControl "180+1"]
[Date "2022.05.25"]
[WhiteClock "0:00:25"]
[BlackClock "0:00:03"]

1. e4 c6 2. d4 d5 3. e5 Bf5 4. Nf3 e6 5. Be2 c5 6. Be3 Qb6 7. Nc3 Nc6 8. O-O cxd4 9. Nxd4 Qd8 10. Nxf5 exf5 11. Qxd5 Nge7 12. Qxd8+ Kxd8 13. Rad1+ Kc8 14. f4 h5 15. Bc4 Nd8 16. Nb5 Nec6 17. Nd6+ Bxd6 18. Rxd6 Re8 19. Rfd1 Re7 20. Bc5 Rc7 21. Bd3 g6 22. Be3 Ne6 23. c3 Ncd8 24. Be2 Rc6 25. Bf3 Rxd6 26. Rxd6 Kc7 27. b4 Nc6 28. b5 Na5 29. b6+ axb6 30. Bxb6+ Kc8 31. Bd5 Nc6 32. Bxe6+ fxe6 33. Rxe6 Kd7 34. Rd6+ Ke7 35. Rxg6 Rxa2 36. Bc5+ Ke8 37. e6 Rc2 38. Rg8# 1-0


[Site "https://www.chess.com"]

[Event "Titled Tuesday Blitz May 24 Early 2022"]
[White "Skuhala, Barbara"]
[Black "Melikhov, Evgeny V."]
[WhiteFideId "14605465"]
[BlackFideId "4122046"]
[WhiteElo "2155"]
[BlackElo "1931"]
[Result "1/2-1/2"]
[Round "10"]
[TimeControl "180+1"]
[Date "2022.05.25"]
[WhiteClock "0:01:10"]
[BlackClock "0:00:18"]

1. e4 c5 2. Nf3 d6 3. d4 cxd4 4. Nxd4 Nf6 5. Nc3 a6 6. f3 e5 7. Nb3 Be6 8. Be3 Be7 9. Qd2 O-O 10. O-O-O b5 11. Kb1 Nbd7 12. g4 Nb6 13. h4 Nc4 14. Bxc4 bxc4 15. Nc1 Rb8 16. h5 Nd7 17. g5 Nc5 18. g6 Qa5 19. h6 fxg6 20. hxg7 Rxf3 21. Bxc5 Qxc3 22. Qxc3 Rxc3 23. Bxd6 Bxd6 24. Rxd6 Bh3 25. Rxa6 Bg2 26. Re1 Kxg7 27. Re6 h5 28. Rxe5 h4 29. Rg5 h3 30. e5 Rf3 31. e6 Rf1 32. Rxf1 Bxf1 33. Rg1 Bg2 34. Ne2 Re8 35. Ng3 Rxe6 36. a4 Re3 37. Nh1 Bxh1 38. Rxh1 g5 39. a5 g4 40. a6 Re6 41. Rg1 Rxa6 42. Rxg4+ Rg6 43. Rh4 Rh6 44. Rg4+ Kf6 45. Rg1 h2 46. Rh1 Ke5 47. Ka2 Rh3 48. b4 Kd4 49. Kb2 Kd5 50. c3 Kc6 51. Kc2 Kb5 52. Kb2 Rh4 53. Ka2 Rh3 54. Kb2 Kc6 55. Kc2 Kd5 56. Kb2 Rh5 57. Ka3 Ke4 58. b5 Kd3 59. Kb4 Rh6 60. Kc5 Kxc3 61. b6 Rh8 62. b7 Kd3 63. Rxh2 Rb8 64. Rh3+ Kd2 65. Rh2+ Kd3 66. Rh3+ Kd2 67. Kc6 c3 68. Rh2+ Kd3 69. Rh3+ Kd2 70. Rxc3 Kxc3 71. Kc7 Rxb7+ 72. Kxb7 1/2-1/2


[Site "https://www.chess.com"]

[Event "Titled Tuesday Blitz May 24 Early 2022"]
[White "Sokolovsky, Yahli"]
[Black "Timofeev, Artyom"]
[WhiteFideId "2820242"]
[BlackFideId "4140419"]
[WhiteElo "1770"]
[BlackElo "2594"]
[Result "0-1"]
[Round "10"]
[TimeControl "180+1"]
[Date "2022.05.24"]
[WhiteClock "0:00:02"]
[BlackClock "0:00:42"]

1. b3 e5 2. Bb2 Nc6 3. e3 Bd6 4. d4 Qe7 5. d5 Nb8 6. e4 f5 7. exf5 Nf6 8. c4 Na6 9. Nc3 O-O 10. Nge2 e4 11. Nd4 Be5 12. Be2 c5 13. Nc2 Nb4 14. Ne3 d6 15. a3 Na6 16. Qc2 Bd4 17. O-O Nc7 18. Rae1 a6 19. Nb1 Bd7 20. Qd2 Qe5 21. Bc3 b5 22. Rd1 Bxc3 23. Qxc3 Qxc3 24. Nxc3 Rab8 25. Rb1 b4 26. axb4 cxb4 27. Ncd1 a5 28. c5 dxc5 29. Bc4 Nb5 30. Ra1 Na3 31. Nb2 Kf7 32. Rfc1 Ke7 33. Be2 Rfc8 34. Nbc4 Nxc4 35. Bxc4 Ra8 36. g4 h6 37. h4 Kd6 38. g5 hxg5 39. hxg5 Nh7 40. g6 Nf6 41. Ra2 a4 42. bxa4 Rxa4 43. Rxa4 Bxa4 44. Ra1 Bd7 45. Ra6+ Ke5 46. d6 Rc6 47. Ra7 Rxd6 48. Ba6 Kf4 49. Nc4 Rd1+ 50. Kg2 Ra1 51. Ra8 Bxf5 52. Bb7 Rxa8 53. Bxa8 Bxg6 54. Bc6 Ng4 55. Kf1 e3 56. f3 Bd3+ 57. Ke1 Bxc4 58. fxg4 Be6 59. g5 Kxg5 60. Ke2 Kf4 61. Bb5 c4 62. Bc6 Bg4+ 63. Ke1 c3 64. Ba4 Bf3 65. Bb3 g5 66. Kf1 g4 67. Ke1 g3 68. Kf1 e2+ 69. Kg1 e1=Q# 0-1


[Site "https://www.chess.com"]

[Event "Titled Tuesday Blitz May 24 Early 2022"]
[White "Soumya, Swaminathan"]
[Black "Hartikainen, Jarmo"]
[WhiteFideId "5016193"]
[BlackFideId "503134"]
[WhiteElo "2115"]
[BlackElo "2123"]
[Result "0-1"]
[Round "10"]
[TimeControl "180+1"]
[Date "2022.05.25"]
[WhiteClock "0:00:04"]
[BlackClock "0:00:08"]

1. d4 Nf6 2. c4 g6 3. Nc3 d5 4. cxd5 Nxd5 5. e4 Nxc3 6. bxc3 Bg7 7. Nf3 O-O 8. Be3 c5 9. Be2 cxd4 10. cxd4 Nc6 11. h3 Qa5+ 12. Bd2 Qb6 13. Rb1 Qc7 14. Qc1 Qd8 15. d5 Nd4 16. Nxd4 Bxd4 17. O-O e6 18. Bb4 Re8 19. Bb5 Bd7 20. Qc4 e5 21. d6 Rc8 22. Qd3 Bxb5 23. Qxb5 Qb6 24. Qd3 Red8 25. Rb3 Qc6 26. Kh1 b6 27. f3 a5 28. Ba3 Qc2 29. Qxc2 Rxc2 30. f4 Rxa2 31. fxe5 Bxe5 32. Bc1 Bxd6 33. Rxb6 Ra1 34. Rc6 Ba3 35. Re1 Bxc1 36. Rexc1 Rxc1+ 37. Rxc1 Rd4 38. Rc8+ Kg7 39. Ra8 a4 40. e5 Re4 41. Ra7 Rxe5 42. Rxa4 Re2 43. h4 h6 44. Kh2 g5 45. hxg5 hxg5 46. Ra5 f6 47. Kh3 Kg6 48. g4 Re3+ 49. Kg2 Rb3 50. Kf2 Kf7 51. Kg2 Ke6 52. Kf2 Rd3 53. Kg2 Rd5 54. Ra6+ Ke5 55. Rb6 Rd4 56. Ra6 Rxg4+ 57. Kf3 Rf4+ 58. Kg3 Kf5 59. Rb6 Ra4 60. Kf3 Ra3+ 61. Kg2 g4 62. Rc6 Kg5 63. Rc8 f5 64. Rc4 f4 65. Rc5+ Kh4 66. Rc8 Ra2+ 67. Kg1 Kg3 68. Kf1 Ra1+ 69. Ke2 f3+ 70. Ke3 f2 71. Rc3 f1=Q 0-1


[Site "https://www.chess.com"]

[Event "Titled Tuesday Blitz May 24 Early 2022"]
[White "Sovetbekova, Nurai"]
[Black "Chernomordik, Pavel"]
[WhiteFideId "13801910"]
[BlackFideId "2804530"]
[WhiteElo "1660"]
[BlackElo "2220"]
[Result "1-0"]
[Round "10"]
[TimeControl "180+1"]
[Date "2022.05.25"]
[WhiteClock "0:00:05"]
[BlackClock "0:00:01"]

1. d4 g6 2. c4 Bg7 3. g3 d6 4. Bg2 Nf6 5. Nc3 O-O 6. Nf3 c6 7. O-O a6 8. e4 Nfd7 9. Be3 b5 10. d5 bxc4 11. dxc6 Nxc6 12. Qa4 Nce5 13. Nxe5 Nxe5 14. Nd5 Rb8 15. Bd4 Nf3+ 16. Bxf3 Bxd4 17. Qxc4 Bxb2 18. Rab1 Bh3 19. Rfd1 e6 20. Nf4 Qf6 21. Qd3 Bf5 22. exf5 gxf5 23. Nh5 Qc3 24. Qxc3 Bxc3 25. Rxb8 Rxb8 26. Rxd6 a5 27. Ra6 Kf8 28. Ra8 Rxa8 29. Bxa8 Ke7 30. Nf4 Kd6 31. Kf1 Kc5 32. Nd3+ Kc4 33. Ke2 Bd4 34. f4 f6 35. Bc6 e5 36. fxe5 fxe5 37. Bd7 f4 38. gxf4 exf4 39. Nxf4 Be5 40. Kf3 Kc3 41. Ke4 Bd6 42. Be6 a4 43. h3 Kd2 44. Nd5 Ke2 45. Nb6 a3 46. Nc4 Be7 47. Ne5 Kf2 48. Kd3 Kg3 49. Kc4 h5 50. Kb3 Kf4 51. Nc4 h4 52. Nxa3 Ke5 53. Bg4 Kd4 54. Nb5+ Kc5 55. Nc7 Kc6 56. Ne6 Kd5 57. a4 Kc6 58. Nd4+ Kd5 59. Nf5 Bd8 60. Kb4 Kc6 61. Bf3+ Kb6 62. Ne3 Be7+ 63. Kb3 Ka5 64. Nc4+ Ka6 65. Ne5 Kb6 66. Ng6 Bd8 67. Kb4 Ka6 68. Be2+ Kb6 69. a5+ Kc6 70. Bf3+ Kc7 71. Kb5 Kb8 72. Ne5 Kc7 73. Nc6 Bf6 74. a6 1-0


[Site "https://www.chess.com"]

[Event "Titled Tuesday Blitz May 24 Early 2022"]
[White "Srihari L R"]
[Black "Tologon tegin, Semetei"]
[WhiteFideId "46617116"]
[BlackFideId "13800574"]
[WhiteElo "2121"]
[BlackElo "2258"]
[Result "1-0"]
[Round "10"]
[TimeControl "180+1"]
[Date "2022.05.24"]
[WhiteClock "0:00:04"]
[BlackClock "0:00:01"]

1. d4 Nf6 2. c4 g6 3. Nc3 d5 4. cxd5 Nxd5 5. Bd2 Bg7 6. e4 Nxc3 7. Bxc3 O-O 8. h4 c5 9. d5 Bxc3+ 10. bxc3 e6 11. Bc4 exd5 12. Bxd5 Qe7 13. Nf3 Be6 14. O-O Bxd5 15. exd5 Qd6 16. c4 Nd7 17. Qd2 Rfe8 18. Rfe1 Kg7 19. Qb2+ Qf6 20. Qxb7 Nb6 21. Ng5 Nxc4 22. Ne6+ Kg8 23. Nxc5 Qxh4 24. Qc6 Rec8 25. Qb7 Nd6 26. Qd7 Qf6 27. Ne6 Ne4 28. f3 Rc2 29. Rab1 fxe6 30. Rxe4 Rac8 31. Qxe6+ Qxe6 32. dxe6 Rxa2 33. e7 Re8 34. Rb7 Ra6 35. g4 h6 36. Kg2 Kf7 37. Kg3 g5 38. Re5 Kf6 39. Rf5+ Kg6 40. Rf8 Rxe7 41. Rxe7 Rd6 42. Rfe8 1-0


[Site "https://www.chess.com"]